 Dungeon Crawl Stone Soup version 0.31-a0-963-ga325b2283a (webtiles) character file.

Game seed: 17771695626171134172

31918 BinkBink the Unseen (level 13, -4/69 HPs)
             Began as a Spriggan Shapeshifter on Oct 25, 2023.
             Was a High Priest of Dithmenos.
             Engulfed by an ice statue's freezing vapour (10 damage)
             ... in an ice cave.
             The game lasted 00:36:59 (17351 turns).

BinkBink the Unseen (Spriggan Shapeshifter)        Turns: 17351, Time: 00:36:59

Health: -4/69      AC:  9    Str: 10    XL:     13   Next: 28%
Magic:  14/14      EV: 25    Int: 12    God:    Dithmenos [*****.]
Gold:   835        SH:  0    Dex: 23    Spells: 12/12 levels left

rFire   . . .        E - +9 sling of Collusion {flame, rPois Dex+4}
rCold   . . .        (no shield)
rNeg    . . .        A - +4 steam dragon scales
rPois   +            (helmet currently unavailable)
rElec   .            (cloak currently unavailable)
rCorr   .            (gloves unavailable)
SInv    +            (boots unavailable)
Will    ++...        (no amulet) Stlth ****++++++
                     z - +5 ring of evasion
HPRegen 0.31/turn    (no ring)
MPRegen 0.14/turn

%: no passive effects
@: beast-form, wreathed by umbra, very quick
A: beast (slay +4), very small, no large weapons, unfitting armour, see
invisible, speed 3
a: Begin Untransformation, Renounce Religion, Shadow Step, Shadow Form


You were in an ice cave.
You worshipped Dithmenos.
Dithmenos was extremely pleased with you.
You were a hulking beast.
You visited 3 branches of the dungeon, and saw 15 of its levels.
You also visited: Ice Cave.

You collected 1684 gold pieces.
You spent 849 gold pieces at shops.

Inventory:

Hand Weapons
 f - a +5 vampiric dagger
 t - a +0 arbalest of flaming
 E - the +9 sling of Collusion (weapon) {flame, rPois Dex+4}
   (You found it on level 9 of the Dungeon)

   Dex+4:     It affects your dexterity (+4).
   rPois:     It protects you from poison
Missiles
 n - 4 throwing nets
Armour
 h - a +0 buckler
 y - a +0 hat
 A - +4 steam dragon scales (worn)
 S - the scarf "Iluw" {repulsion, rElec Str+5 Int-5}
   (You acquired it on level 1 of the Lair of Beasts)

   Str+5:     It affects your strength (+5).
   Int-5:     It affects your intelligence (-5).
   rElec:     It insulates you from electricity.
Jewellery
 x - a +5 ring of evasion
 z - a +5 ring of evasion (left hand)
 I - a ring of poison resistance
 R - a ring of positive energy
Talismans
 c - a beast talisman (active)
 d - a flux talisman
Wands
 g - a wand of quicksilver (19)
 p - a wand of iceblast (23)
 w - a wand of flame (23)
 C - a wand of digging (11)
 H - a wand of polymorph (3)
Scrolls
 i - 5 scrolls of immolation
 q - 3 scrolls of fear
 r - 5 scrolls of teleportation
 u - 8 scrolls of revelation
 v - 4 scrolls of fog
 F - 2 scrolls of poison
 G - a scroll of vulnerability
 L - 2 scrolls of noise
 N - 2 scrolls of identify
 O - a scroll of amnesia
 P - a scroll of brand weapon {unknown}
Potions
 a - 2 potions of heal wounds {unknown}
 b - 3 potions of lignification
 e - 3 potions of haste
 j - 3 potions of enlightenment
 k - 6 potions of curing
 m - 4 potions of attraction
 o - a potion of cancellation {unknown}
 s - 4 potions of mutation
 B - a potion of magic {unknown}
 D - 3 potions of might {unknown}
 J - 3 potions of ambrosia {unknown}
 K - 2 potions of degeneration {unknown}
 M - a potion of brilliance {unknown}
 Q - a potion of invisibility {unknown}


   Skills:
 + Level 8.5 Fighting
 - Level 2.5 Short Blades
 * Level 13.7 Ranged Weapons
 - Level 4.1 Dodging
 * Level 20.9 Stealth
 - Level 1.4 Shields
 - Level 2.4 Unarmed Combat
 - Level 7.0 Shapeshifting


You had 12 spell levels left.
You didn't know any spells.
Your spell library contained the following spells:

 Spells                   Type           Power      Damage    Failure   Level
 Kiss of Death            Conj/Necr      0%         2d5       32%         1
 Shock                    Conj/Air       0%         1d3       32%         1
 Sting                    Tmut/Pois      0%         1d3       32%         1
 Cigotuvi's Dreadful Rot  Necr/Pois/Air  0%         N/A       45%         2
 Ensorcelled Hibernation  Hex/Ice        0%         N/A       45%         2
 Jinxbite                 Hex            0%         N/A       45%         2
 Lesser Beckoning         Tloc           0%         N/A       45%         2
 Confusing Touch          Hex            0%         N/A       69%         3
 Frozen Ramparts          Ice            0%         1d1       69%         3
 Gell's Gravitas          Tloc           0%         N/A       69%         3
 Teleport Other           Tloc           0%         N/A       69%         3
 Tukima's Dance           Hex            0%         N/A       69%         3
 Airstrike                Air            0%         2d(0-16)  97%         4
 Anguish                  Hex/Necr       0%         N/A       97%         4
 Dispel Undead            Necr           0%         3d6       97%         4
 Passage of Golubria      Tloc           0%         N/A       97%         4
 Petrify                  Tmut/Erth      0%         N/A       97%         4
 Vhi's Electric Charge    Tloc/Air       0%         N/A       97%         4
 Metabolic Englaciation   Hex/Ice        0%         N/A       100%        5
 Silence                  Hex/Air        0%         N/A       100%        5
 Yara's Violent Unravell  Hex/Tmut       0%         3d3       100%        5
 Death Channel            Necr           0%         N/A       100%        6


Dungeon Overview and Level Annotations

Branches:
Dungeon (13/15)            Temple (1/1) D:4            Lair (1/5) D:11
    Orc (0/2) D:9          Vaults (0/5) D:13          IceCv (1/1)

Altars:
Ashenzari
Cheibriados
Dithmenos
Elyvilon
Fedhas
Gozag
Hepliaklqana
Kikubaaqudgha
Makhleb
Nemelex Xobeh
Okawaru
Qazlal
Ru
Sif Muna
Trog
Uskayaw
Vehumet
Wu Jian
Xom
Yredelemnul
Zin
The Shining One

Shops:
D:5 =:?((   D:11 ?*??(

Annotations:
D:2 1 runed translucent door, Crazy Yiuf IceCv exclusion: 2 ice statues


Innate Abilities, Weirdness & Mutations

You are a hulking beast.
Your limbs bulge with bestial killing power. (Slay +4)
You are very small and have problems with some larger weapons.
You are too small for most types of armour.
You have supernaturally acute eyesight. (SInv)
You cover ground extremely quickly. (Speed+++)


Message History

No target in view!
No target in view!
A spriggan simulacrum comes into view.
You shoot a sling bullet.
The sling bullet hits the spriggan simulacrum!
The sling bullet melts the spriggan simulacrum!
The spriggan simulacrum is severely damaged.
You shoot a sling bullet.
The sling bullet hits the spriggan simulacrum!
The sling bullet melts the spriggan simulacrum.
The spriggan simulacrum vaporises!
Dithmenos accepts your kill.
No target in view!
No target in view!
No target in view! 2 ice statues come into view.
Found a scroll labelled CAYTEF CE KAL and a scroll of teleportation.
Marking area around 2 ice statues as unsafe for travelling.
You start waiting.
Done waiting.
You start waiting.
Done waiting.
You shoot a sling bullet. The sling bullet hits the ice statue!
The sling bullet melts the ice statue.
The ice statue is lightly damaged.
The ice statue gestures.
The ice statue gestures at you. The freezing blast engulfs you!!
You shoot a sling bullet. The sling bullet hits the ice statue.
The sling bullet melts the ice statue.
The ice statue is lightly damaged.
You are engulfed in freezing vapours.
The ice statue gestures at you. The shard of ice hits you!!
* * * LOW HITPOINT WARNING * * *
You emit a cloud of dark smoke.
You feel better.
You are engulfed in freezing vapours.
* * * LOW HITPOINT WARNING * * *
The ice statue gestures.
You are engulfed in freezing vapours.
You die...

#...∩...#
##.....##
##...## #...##
##...# ##...#
#...## ##...####
#8#....h#8##
#......○○○○.#
#...Y....○○○..#
#.........°...#
...............#
...............#
.......⌠.......#
...............#
.............#


You could see an ice beast (summoned).

Vanquished Creatures
  An ironbound preserver (D:13)
  An entropy weaver (D:13)
  2 boulder beetles
  A hydra (Lair:1)
  A centaur warrior (D:13)
  7 two-headed ogres
  An occultist (D:13)
  Urug (D:11)
  2 arcanists (D:13)
  Pikel (D:4)
  2 deep elf pyromancers (D:13)
  A deep elf zephyrmancer (D:13)
  A cyclops (D:13)
  2 ugly things
  2 centaur zombies (D:9)
  A gargoyle (D:13)
  4 cane toads (Lair:1)
  A torpor snail (Lair:1)
  6 centaur skeletons (D:9)
  Maggie (D:7)
  2 komodo dragons (Lair:1)
  3 kobold demonologists
  An ice devil (IceCv)
  3 hellwings (D:9)
  3 trolls
  3 blink frogs (Lair:1)
  4 dream sheep
  4 wraiths
  Sigmund (D:5)
  3 wyverns
  2 shadows
  13 yaks
  Menkaure (D:5)
  9 vampire mosquitoes
  A steam dragon (D:6)
  3 acid dragons
  3 water moccasins (Lair:1)
  An orc warrior (D:11)
  A sky beast (D:8)
  3 ice beasts
  3 black bears (D:6)
  An ogre (D:5)
  10 centaurs
  3 lemures (D:4)
  4 bullfrogs
  A gnoll sergeant (D:8)
  15 kobold brigands
  A two-headed ogre simulacrum (IceCv)
  4 scorpions
  16 wights
  9 killer bees
  An electric eel (D:7)
  2 vampire bats (D:7)
  2 gnoll boudas
  4 orc priests
  4 hounds
  Ijyb (D:5)
  A sleepcap (D:4)
  4 iguanas
  8 orc wizards
  A spriggan simulacrum (IceCv)
  19 gnolls
  10 adders
  2 naga simulacra (IceCv)
  2 shadow imps (D:8)
  2 white imps
  4 ufetubi
  A worm (D:2)
  5 dart slugs
  37 orcs
  5 endoplasms
  2 giant cockroaches
  6 hobgoblins
  14 jackals
  3 quokkas
  3 ball pythons
  8 bats
  A frilled lizard (D:3)
  5 goblins
  38 kobolds
  8 kobold skeletons (D:8)
  10 kobold zombies (D:8)
  7 rats
390 creatures vanquished.

Vanquished Creatures (others)
  4 dream sheep (D:6)
4 creatures vanquished.

Grand Total: 394 creatures vanquished

Notes
Turn   | Place    | Note
-------+----------+-------------------------------------------
     0 | D:1      | BinkBink the Spriggan Shapeshifter began the quest for the
                  | Orb.
     0 | D:1      | Reached XP level 1. HP: 9/9 MP: 2/2
   277 | D:1      | Reached skill level 1 in Fighting
   280 | D:1      | Reached XP level 2. HP: 14/14 MP: 3/3
   436 | D:1      | Reached skill level 1 in Stealth
   562 | D:1      | Reached XP level 3. HP: 18/18 MP: 4/4
   898 | D:2      | Found a snail-covered altar of Cheibriados.
  1003 | D:2      | Reached skill level 1 in Short Blades
  1084 | D:2      | Reached skill level 2 in Stealth
  1171 | D:2      | Reached XP level 4. HP: 22/22 MP: 5/5
  1439 | D:2      | Reached skill level 5 in Shapeshifting
  1487 | D:2      | Reached skill level 3 in Stealth
  1732 | D:2      | Found a runed translucent door.
  1733 | D:2      | Noticed Crazy Yiuf
  2216 | D:3      | Reached XP level 5. HP: 25/25 MP: 6/6
  2951 | D:4      | Reached skill level 1 in Shields
  3017 | D:4      | Reached skill level 4 in Stealth
  3075 | D:4      | Reached XP level 6. HP: 25/30 MP: 7/7
  3881 | D:4      | Found a staircase to the Ecumenical Temple.
  3890 | Temple   | Entered the Ecumenical Temple
  3904 | Temple   | Became a worshipper of Dithmenos the Shadowed
  4127 | D:4      | Noticed Pikel
  4143 | D:4      | HP: 1/30 [Pikel/+1 whip of flaming (5)]
  4353 | D:4      | You fall into a shaft and drop 1 floor!
  4353 | D:5      | Entered Level 5 of the Dungeon
  4361 | D:5      | Noticed Menkaure
  5171 | D:4      | Reached skill level 5 in Stealth
  5286 | D:5      | Found Xucapp's Weapon Emporium.
  5302 | D:5      | Bought a +0 arbalest of flaming for 141 gold pieces
  5339 | D:5      | Found a stormy altar of Qazlal.
  5344 | D:5      | Noticed an ice beast
  5346 | D:5      | Killed an ice beast
  5347 | D:5      | Reached XP level 7. HP: 35/35 MP: 8/8
  5400 | D:5      | Killed Menkaure
  5401 | D:5      | Reached skill level 1 in Ranged Weapons
  5401 | D:5      | Reached skill level 6 in Stealth
  5724 | D:5      | Found an opulent altar of Gozag.
  5728 | D:5      | Noticed Sigmund
  5732 | D:5      | Killed Sigmund
  5733 | D:5      | Reached skill level 7 in Stealth
  5736 | D:5      | Noticed Ijyb
  5739 | D:5      | Killed Ijyb
  5740 | D:5      | Reached XP level 8. HP: 39/39 MP: 9/9
  5760 | D:5      | Found Doocempu's Jewellery Boutique.
  5760 | D:5      | Found Gaschig's Book Boutique.
  5762 | D:5      | Found Osatt's Magic Scroll Boutique.
  5824 | D:5      | Found Ocvyacs's Hydra Hut.
  5824 | D:5      | Noticed an eight-headed hydra
  6025 | D:6      | Noticed a dream sheep
  6025 | D:6      | Noticed a dream sheep
  6025 | D:6      | Noticed a dream sheep
  6025 | D:6      | Noticed a dream sheep
  6025 | D:6      | Noticed a dream sheep
  6025 | D:6      | Found a shimmering altar of Xom.
  6030 | D:6      | Killed a dream sheep
  6030 | D:6      | Killed a dream sheep
  6030 | D:6      | Killed a dream sheep
  6030 | D:6      | Killed a dream sheep
  6030 | D:6      | Killed a dream sheep
  6031 | D:6      | Reached skill level 8 in Stealth
  6299 | D:6      | Reached skill level 9 in Stealth
  6594 | D:6      | Reached skill level 5 in Ranged Weapons
  6839 | D:4      | Killed Pikel
  6840 | D:4      | Reached skill level 10 in Stealth
  6840 | D:4      | Reached XP level 9. HP: 45/45 MP: 10/10
  6995 | D:7      | Noticed a two-headed ogre
  7030 | D:7      | Killed a two-headed ogre
  7031 | D:7      | Reached skill level 11 in Stealth
  7325 | D:5      | Bought a scroll of identify for 20 gold pieces
  7569 | D:7      | Reached * piety under Dithmenos
  7839 | D:7      | Reached skill level 12 in Stealth
  7886 | D:7      | Noticed Maggie
  7899 | D:7      | Killed Maggie
  8218 | D:8      | Reached skill level 5 in Fighting
  8276 | D:8      | Reached XP level 10. HP: 44/51 MP: 11/11
  8332 | D:8      | Reached skill level 13 in Stealth
  8636 | D:8      | Reached ** piety under Dithmenos
  9153 | D:8      | Found an ancient bone altar of Kikubaaqudgha.
  9596 | D:8      | Reached *** piety under Dithmenos
  9877 | D:9      | Reached skill level 14 in Stealth
 10007 | D:9      | Found a staircase to the Orcish Mines.
 10011 | D:9      | Identified the +9 sling of Collusion {flame, rPois Dex+4}
 10339 | D:9      | Reached skill level 15 in Stealth
 10542 | D:9      | Found an ornate altar of the Wu Jian Council.
 10565 | D:9      | Found a sacrificial altar of Ru.
 10574 | D:9      | Reached **** piety under Dithmenos
 10676 | D:9      | Reached XP level 11. HP: 55/56 MP: 12/12
 10912 | D:9      | Reached skill level 10 in Ranged Weapons
 11006 | D:9      | Reached skill level 16 in Stealth
 11082 | D:9      | Found the +4 Cigotuvi's embrace {Corpsefed rMiasma Drain
                  | rN+}
 11115 | D:10     | Entered Level 10 of the Dungeon
 11209 | D:10     | Found a broken altar of Ashenzari.
 11239 | D:10     | Noticed a two-headed ogre
 11247 | D:10     | Killed a two-headed ogre
 11385 | D:10     | Identified a scroll of acquirement
 11691 | D:11     | Noticed a two-headed ogre
 11695 | D:11     | Found Qussemmi's Assorted Antiques.
 11709 | D:11     | Killed a two-headed ogre
 11714 | D:11     | Bought a scroll labelled AMAETA PE DIM for 33 gold pieces
 11714 | D:11     | Bought a red potion for 29 gold pieces
 11788 | D:11     | Found Tirgh's Antique Weapon Shoppe.
 11802 | D:11     | Noticed Urug
 12024 | D:11     | Found a staircase to the Lair.
 12026 | D:11     | Noticed a boulder beetle
 12082 | D:11     | Killed a boulder beetle
 12083 | D:11     | Reached skill level 17 in Stealth
 12429 | D:11     | Noticed a two-headed ogre
 12455 | D:11     | Killed a two-headed ogre
 12603 | D:11     | Killed Urug
 12712 | D:11     | Noticed a two-headed ogre
 12726 | D:11     | Killed a two-headed ogre
 12850 | D:11     | Found Ceowiug's Magic Scroll Boutique.
 12854 | D:11     | Bought a scroll of identify for 28 gold pieces
 12854 | D:11     | Bought a scroll of identify for 28 gold pieces
 12854 | D:11     | Bought a scroll of identify for 28 gold pieces
 12978 | D:11     | Reached XP level 12. HP: 63/63 MP: 13/13
 12994 | D:11     | Found Plog's Magic Scroll Shop.
 12998 | D:11     | Bought a scroll of identify for 22 gold pieces
 13007 | D:11     | Found Restrewk's Magic Scroll Shoppe.
 13031 | D:11     | Reached skill level 18 in Stealth
 13132 | D:12     | Noticed a two-headed ogre
 13145 | D:12     | Killed a two-headed ogre
 13145 | D:12     | Reached ***** piety under Dithmenos
 13981 | D:12     | Noticed a boulder beetle
 14083 | D:12     | Killed a boulder beetle
 14406 | D:13     | Identified the of Aduge
 14406 | D:13     | Identified the "Sifiem"
 14406 | D:13     | Identified the of Yteej
 14427 | D:13     | Noticed a centaur warrior
 14729 | D:13     | Reached skill level 19 in Stealth
 15557 | D:13     | Noticed a two-headed ogre
 15568 | D:13     | Killed a two-headed ogre
 15599 | D:13     | Killed a centaur warrior
 15656 | D:13     | Reached skill level 20 in Stealth
 15796 | D:13     | Noticed an entropy weaver
 15798 | D:13     | Noticed an ironbound preserver
 15845 | D:13     | Killed an entropy weaver
 15914 | D:13     | Found a gate to the Vaults.
 15958 | D:13     | Killed an ironbound preserver
 16338 | D:5      | Bought a scroll of acquirement for 520 gold pieces
 16463 | Lair:1   | Entered Level 1 of the Lair of Beasts
 16464 | Lair:1   | Acquired the scarf "Iluw" {repulsion, rElec Str+5 Int-5}
 16466 | Lair:1   | Acquired 519 gold pieces
 16485 | Lair:1   | Reached XP level 13. HP: 68/68 MP: 14/14
 16597 | Lair:1   | Identified the +4 leather armour of Xusmioh {rC+ Int+2}
 17091 | Lair:1   | Found a frozen archway.
 17121 | IceCv    | Entered an ice cave
 17351 | IceCv    | Engulfed by an ice statue's freezing vapour

Illustrated notes

Levels and vault maps discovered:
D:1:      dpeg_arrival_castle, layout_basic
D:2:      layout_loops_ring, basic_altar, uniq_crazy_yiuf_cottage
D:3:      layout_basic, serial_curves, eino_curves_04, eino_curves_03
D:4:      minmay_skewed_foursquare, layout_layer_cave, temple_hall, uniq_pikel
D:5:      layout_gridville, grunt_qazlal_clouds, mainiacjoe_overflow_catwalk,
          serial_shops, nicolae_square_shop, nicolae_shop_distant_corner_stores,
          st_stairs_13, minivault_26, doesnt_shop_hydraphobe, uniq_ijyb,
          uniq_menkaure, uniq_sigmund
D:6:      layout_gridville, kb_xom_exploding_sheep
D:7:      layout_basic, fountainhead, roderic_batcave, uniq_maggie
D:8:      wander_kiku_kobolds, layout_basic
D:9:      layout_cross, nzn_wu_jian_council_hall,
          nicolae_ru_great_annihilating_truth, orc_0_dummy,
          hellmonk_guarded_unrand_cigotuvi
D:10:     layout_basic, evilmike_ruin_ashenzari, due_unseen_surprise
D:11:     layout_loops_cross, lair_entry_dummy, serial_shops,
          nicolae_shop_back_alley_shop, shop, shop, shop, shop, uniq_urug
D:12:     layout_gridville
D:13:     layout_loops_ring, hellmonk_vaults_order_and_chaos,
          bh_hangedman_babel_library
Temple:   lightli_temple_of_artemis
Lair:1:   layout_loops_ring, portal_ice_cave_entry_pillars_2, minivault_25,
          st_stairs_4
IceCv:    ice_cave_tombish

Skill      XL: |  1  2  3  4  5  6  7  8  9 10 11 12 |
---------------+-------------------------------------+-----
Fighting       | 1 2 4 5 6 7 8 |  8.5
Stealth        | 1 2 3 4 5 7 10 12 15 17 20 | 20.9
Dodging        | 3 4 |  4.1
Short Blades   | 1 2 |  2.5
Shapeshifting  | 5 6 7 |  7.0
Shields        | 1 |  1.4
Ranged Weapons | 2 5 7 9 11 13 | 13.7
Unarmed Combat | |  2.4

Action                     |  1- 3 |  4- 6 |  7- 9 | 10-12 | 13-15 || total
---------------------------+-------+-------+-------+-------+-------++-------
  Melee: Dagger            |    98 |   154 |       |       |       ||   252
         Short sword       |     6 |       |       |       |       ||     6
   Fire: Arbalest          |       |     2 |   166 |   165 |       ||   333
         Sling             |       |       |       |   598 |   114 ||   712
    Use: Scroll            |     3 |     1 |     5 |    14 |     2 ||    25
         Potion            |       |       |       |       |     1 ||     1
   Stab: Distracted        |     1 |       |       |       |       ||     1
         Sleeping          |     3 |    13 |       |       |       ||    16
 Armour: Animal skin       |    36 |    42 |    16 |       |       ||    94
         Steam dragon scal |       |       |       |    75 |     9 ||    84
  Dodge: Dodged            |    74 |    78 |    28 |   261 |    11 ||   452
  Block: Buckler           |    14 |    21 |       |       |       ||    35
   Form: Beast             |     1 |       |       |       |       ||     1

Table legend: (Time is in decaauts)
 A = Elapsed time spent in this place.
 B = Non-inter-level travel time spent in this place.
 C = Inter-level travel time spent in this place.
 D = Time resting spent in this place.
 E = Time spent auto-exploring this place.
 F = Levels seen in this place.
 G = Mean time per level.
                   A        B        C        D        E       F      G
               +--------+--------+--------+--------+--------+-----+--------+
         Total |  13087 |  12125 |    962 |   3210 |   5976 |  16 |  817.9 |
       Dungeon |  12396 |  11483 |    913 |   2983 |   5765 |  13 |  953.5 |
        Temple |     18 |      3 |     15 |      0 |      0 |   1 |   18.0 |
          Lair |    452 |    419 |     33 |     27 |    207 |   1 |  452.0 |
      Ice Cave |    220 |    220 |      0 |    200 |      3 |   1 |  220.0 |
               +--------+--------+--------+--------+--------+-----+--------+

Top non-repeatable levels by time:
     D:4: 1745 daAuts
     D:8: 1558 daAuts
    D:12: 1394 daAuts
    D:11: 1015 daAuts
    D:13: 896 daAuts
     D:5: 806 daAuts
     D:9: 805 daAuts
     D:2: 772 daAuts
     D:6: 759 daAuts
     D:7: 742 daAuts
    D:10: 723 daAuts
     D:1: 606 daAuts
     D:3: 567 daAuts
  Lair:1: 452 daAuts
   IceCv: 220 daAuts
